 Dungeon Crawl Stone Soup version 0.27-a0-1196-g3e9cee4cb2 (webtiles) character file.

Game seed: 12717729445182858645

254 ZappyNine the Ducker (level 5, 0/45 HPs)
             Began as a Demigod Fighter on May 28, 2021.
             Slain by a phantom (1 damage)
             ... on level 4 of the Dungeon.
             The game lasted 00:03:07 (3917 turns).

ZappyNine the Ducker (Demigod Fighter)              Turns: 3917, Time: 00:03:08

Health: 0/45       AC:  8    Str: 17    XL:     5   Next: 59%
Magic:  7/7        EV:  9    Int: 10    God:
Gold:   216        SH:  9    Dex: 17    Spells: 4/4 levels left

rFire    . . .     SeeInvis .   h - +4 dagger
rCold    . . .     Faith    .   c - +0 kite shield
rNeg     . . .     Spirit   .   b - +0 scale mail
rPois    .         Reflect  .   (no helmet)
rElec    .         Harm     .   p - +0 cloak {Will+}
rCorr    .         Rampage  .   (no gloves)
Will     ++...                  g - +0 pair of boots
Stlth    ..........             (no amulet)
HPRegen  0.15/turn              m - ring of willpower
MPRegen  0.10/turn              i - ring of flight

@: mighty, attractive, flying
A: high mp 1, forlorn
a: no special abilities


You were on level 4 of the Dungeon.
You visited 1 branch of the dungeon, and saw 4 of its levels.

You collected 216 gold pieces.

Inventory:

Hand Weapons
 a - a +0 rapier
 h - a +4 dagger (weapon)
Armour
 b - a +0 scale mail (worn)
 c - a +0 kite shield (worn)
 g - a +0 pair of boots (worn)
 p - a +0 cloak of willpower (worn)
Jewellery
 i - a ring of flight (right hand)
 m - a ring of willpower (left hand)
Scrolls
 e - 2 scrolls of fear {unknown}
 f - a scroll of teleportation {unknown}
 j - a scroll of enchant armour {unknown}
 k - a scroll of torment {unknown}
 l - a scroll of vulnerability {unknown}
 n - a scroll of fog {unknown}
 o - a scroll of identify {unknown}
Potions
 q - a potion of degeneration {unknown}


   Skills:
 - Level 3.5 Fighting
 - Level 2.9 Short Blades
 - Level 2.6 Armour
 + Level 4.0 Dodging
 - Level 2.6 Shields


You had 4 spell levels left.
You didn't know any spells.
Your spell library contained the following spells:

 Spells                   Type           Power      Damage    Failure   Level
 Summon Small Mammal      Summ           0%         N/A       99%         1
 Call Imp                 Summ           0%         N/A       100%        2
 Call Canine Familiar     Summ           0%         N/A       100%        3
 Summon Guardian Golem    Hex/Summ       0%         N/A       100%        3
 Summon Ice Beast         Ice/Summ       0%         N/A       100%        4
 Summon Lightning Spire   Summ/Air       0%         N/A       100%        4


Dungeon Overview and Level Annotations

Branches:
Dungeon (4/15)             Temple (0/1) D:4

Annotations:
D:3 3 runed translucent doors, oc3rt's ghost, weakling TeSu


Innate Abilities, Weirdness & Mutations

Your attributes grow dramatically as you level up.
You have an increased reservoir of magic. (+10% MP)
You shall have no god before yourself.


Message History

You are too injured to fight recklessly!
You are too injured to fight recklessly!
You are too injured to fight recklessly!
You are too injured to fight recklessly!
You are too injured to fight recklessly!
You are too injured to fight recklessly!
You are too injured to fight recklessly!
You are too injured to fight recklessly!
You are too injured to fight recklessly!
You are too injured to fight recklessly!
You are too injured to fight recklessly!
You hit the phantom.
The phantom is heavily damaged.
The phantom hits you.
The phantom blinks!
You blink.
You barely miss the phantom.
The phantom is heavily damaged.
The phantom barely misses you.
You feel very mighty all of a sudden. The phantom hits you.
You miss the phantom.
The phantom is heavily damaged.
The phantom hits you!
* * * LOW HITPOINT WARNING * * *
The phantom blinks!
You blink.
You completely miss the phantom.
The phantom is heavily damaged.
You block the phantom's attack.
You closely miss the phantom.
The phantom is heavily damaged.
The phantom hits you but does no damage.
You puncture the phantom!
The phantom is almost destroyed.
The phantom hits you.
* * * LOW HITPOINT WARNING * * *
The phantom blinks!
You blink.
The phantom hits you.
* * * LOW HITPOINT WARNING * * *
It was a potion of attraction.
You feel attractive to monsters. The phantom hits you.
You die...

...........#.....#. ...
#........#.#.#...#. ..
#.........###.†..#.##.#
.......#...#...#...#..#
........#.....#......#
.....#####.>.#####...#
####....#)....#....#.#
###....#...#...#.....#
##..##....###..W@#..##
...####..#.#.#......#
.#.........#.....####
.#######...#..#### ##
...[# # .#.# ... #.


You could see a phantom.

Vanquished Creatures
  A howler monkey (D:4)
  Crazy Yiuf (D:2)
  Jessica (D:3)
  An iguana (D:3)
  5 adders
  A worm (D:2)
  5 orcs (D:3)
  8 endoplasms
  3 giant cockroaches (D:1)
  9 goblins
  4 hobgoblins
  8 jackals (D:2)
  9 kobolds
  4 quokkas
  8 ball pythons
  4 bats
  3 frilled lizards
  3 rats (D:1)
78 creatures vanquished.

Notes
Turn   | Place    | Note
-------+----------+-------------------------------------------
     0 | D:1      | ZappyNine the Demigod Fighter began the quest for the Orb.
     0 | D:1      | Reached XP level 1. HP: 18/18 MP: 3/3
   321 | D:1      | Reached XP level 2. HP: 25/26 MP: 4/4
  1209 | D:2      | Reached XP level 3. HP: 24/31 MP: 5/5
  1520 | D:2      | Found a runed translucent door.
  1521 | D:2      | Noticed Crazy Yiuf
  2160 | D:2      | Killed Crazy Yiuf
  2161 | D:2      | Reached skill level 1 in Dodging
  2161 | D:2      | Reached XP level 4. HP: 38/38 MP: 6/6
  2244 | D:2      | Reached skill level 2 in Dodging
  2518 | D:3      | Noticed Jessica
  2526 | D:3      | Killed Jessica
  2681 | D:3      | Found a runed translucent gate.
  2682 | D:3      | Found a runed translucent gate.
  2699 | D:3      | Found a runed translucent gate.
  2926 | D:3      | Identified the +10 dagger of Causality {protect, rF++}
  2926 | D:3      | Identified the +8 chain mail of the Accordion {Will+ Dex-3
                  | Slay+4}
  2927 | D:3      | Noticed oc3rt's ghost (weakling TeSu)
  3042 | D:3      | Reached skill level 3 in Dodging
  3042 | D:3      | Reached XP level 5. HP: 35/45 MP: 7/7
  3859 | D:4      | Found a staircase to the Ecumenical Temple.
  3869 | D:4      | Reached skill level 4 in Dodging
  3916 | D:4      | HP: 1/45 [phantom (3)]
  3917 | D:4      | Slain by a phantom

Illustrated notes

Levels and vault maps discovered:
D:1:      lemuel_arrival_lava_pool, layout_basic, ebering_ecumenical_altar_box
D:2:      layout_loops_cross, minmay_misc_feat_five,
          hangedman_abyss_or_decor_lesser_grid, uniq_crazy_yiuf_cottage
D:3:      layout_basic, chequers_temple_overflow_statue_of_worship,
          jmf_multi_god_temple, marbit_many_paths, biasface_ghost_orc_armoury,
          uniq_jessica
D:4:      layout_rooms, fedhas_altar_2, minmay_temple_entry_arrows

Skill      XL: |  1  2  3  4  5 |
---------------+----------------+-----
Short Blades   | 2 |  2.9
Fighting       | 3 |  3.5
Dodging        | 1 3 4 |  4.0
Armour         | |  2.6
Shields        | |  2.6

Action                   |  1- 3 |  4- 6 || total
-------------------------+-------+-------++-------
Melee: Rapier            |   147 |    86 ||   233
       Dagger            |       |    78 ||    78
  Use: Potion            |     1 |     4 ||     5
Armor: Scale mail        |    59 |    67 ||   126
Dodge: Dodged            |    54 |    52 ||   106
Block: Kite shield       |    86 |    74 ||   160

Table legend: (Time is in decaauts)
 A = Elapsed time spent in this place.
 B = Non-inter-level travel time spent in this place.
 C = Inter-level travel time spent in this place.
 D = Time resting spent in this place.
 E = Time spent auto-exploring this place.
 F = Levels seen in this place.
 G = Mean time per level.
                   A        B        C        D        E       F      G
               +--------+--------+--------+--------+--------+-----+--------+
         Total |   3997 |   3876 |    121 |    446 |   2789 |   4 |  999.2 |
       Dungeon |   3997 |   3876 |    121 |    446 |   2789 |   4 |  999.2 |
               +--------+--------+--------+--------+--------+-----+--------+

Top non-repeatable levels by time:
     D:2: 1396 daAuts
     D:3: 1325 daAuts
     D:1: 1127 daAuts
     D:4: 147 daAuts
